MWL (24 & UNDER)
PLUMSTEAD EAGLES @ ERIE JAXX
05/16/2027
 
TOP OF THE 1ST
Plumstead Eagles batting - Pitching for Erie Jaxx : LHP Scott McCullough
Pitching: LHP Scott McCullough
Batting: RHB Pablo Villarreal 0-0: SINGLE (Groundball, 6M) (infield hit)
Batting: LHB António Salazar 0-0: Ball
1-0: Ball
Pablo Villarreal steals 2nd base
2-0: Called Strike
2-1: Foul Ball, location: 2F
2-2: Reached on error, E3 (Groundball, 34)
Pablo Villarreal to third
Batting: RHB Howard Johnson 0-0: Swinging Strike
0-1: Ball
1-1: Ball
2-1: Foul Ball, location: 2F
2-2: Foul Ball, location: 2F
2-2: Strikes out swinging
Batting: RHB Ethan Moore 0-0: Called Strike
0-1: Ground out 3-1 (Groundball, 34S)
Pablo Villarreal scores
António Salazar to second
Batting: RHB Kolomon Meise 0-0: Called Strike
0-1: Ball
1-1: Ball
2-1: Swinging Strike
2-2: Ball
3-2: Base on Balls
Batting: LHB Arturo Álvarez 0-0: Foul Ball, location: 2F
0-1: Swinging Strike
0-2: Strikes out swinging
Top of the 1st over - 1 run(s), 1 hit(s), 1 error(s), 2 left on base; Plumstead 1 - Erie 0
BOTTOM OF THE 1ST
Erie Jaxx batting - Pitching for Plumstead Eagles : RHP Matt Barlow
Pitching: RHP Matt Barlow
Batting: SHB Giel Molendijk 0-0: Fly out, F4 (Line Drive, 4M)
Batting: SHB José Durango 0-0: Fly out, F7 (Flyball, 7)
Batting: LHB Josh Pérez 0-0: Ball
1-0: Ball
2-0: Called Strike
2-1: Ball
3-1: Foul Ball, location: 2F
3-2: SINGLE (Line Drive, 34D)
Batting: SHB Michael Field 0-0: Ball
Josh Pérez is caught stealing 2nd base
Bottom of the 1st over - 0 run(s), 1 hit(s), 0 error(s), 0 left on base; Plumstead 1 - Erie 0
TOP OF THE 2ND
Plumstead Eagles batting - Pitching for Erie Jaxx : LHP Scott McCullough
Batting: RHB Carlos Palomón 0-0: Foul Ball, location: 2F
0-1: Ground out 6-3 (Groundball, 6)
Batting: RHB José Moreno 0-0: Swinging Strike
0-1: Swinging Strike
0-2: Ball
1-2: Strikes out looking
Batting: SHB Arturo Sánchez 0-0: Ball
1-0: Ground out 4-3 (Groundball, 4)
Top of the 2nd over - 0 run(s), 0 hit(s), 0 error(s), 0 left on base; Plumstead 1 - Erie 0
BOTTOM OF THE 2ND
Erie Jaxx batting - Pitching for Plumstead Eagles : RHP Matt Barlow
Batting: SHB Michael Field 0-0: Ball
1-0: Ground out 4-3 (Groundball, 4)
Batting: RHB Andrés Silva 0-0: Swinging Strike
0-1: Ball
1-1: Ball
2-1: Foul Ball, location: 2F
2-2: Strikes out swinging
Batting: RHB Ángel Serrano 0-0: Called Strike
0-1: Ball
1-1: Foul Ball, location: 2F
1-2: Ball
2-2: Ball
3-2: Fly out, F8 (Flyball, 8RM)
Bottom of the 2nd over - 0 run(s), 0 hit(s), 0 error(s), 0 left on base; Plumstead 1 - Erie 0
TOP OF THE 3RD
Plumstead Eagles batting - Pitching for Erie Jaxx : LHP Scott McCullough
Batting: RHB Pablo Villarreal 0-0: Called Strike
0-1: Ball
1-1: Foul Ball, location: 2F
1-2: Ground out 6-3 (Groundball, 6)
Batting: LHB António Salazar 0-0: SINGLE (Groundball, 34D)
Batting: RHB Howard Johnson 0-0: Ball
1-0: Called Strike
1-1: Ball
2-1: Ball
3-1: Base on Balls
António Salazar to second
Batting: RHB Ethan Moore 0-0: Foul Ball, location: 2F
0-1: Foul Ball, location: 2F
0-2: Ball
1-2: Foul Ball, location: 2F
1-2: Strikes out swinging
Batting: RHB Kolomon Meise 0-0: Called Strike
0-1: Ball
1-1: Swinging Strike
1-2: Ball
2-2: Strikes out looking
Top of the 3rd over - 0 run(s), 1 hit(s), 0 error(s), 2 left on base; Plumstead 1 - Erie 0
BOTTOM OF THE 3RD
Erie Jaxx batting - Pitching for Plumstead Eagles : RHP Matt Barlow
Batting: RHB José Hernández 0-0: Ball
1-0: Called Strike
1-1: Ball
2-1: Foul Ball, location: 2F
2-2: Strikes out swinging
Batting: RHB Cássio Cardenas 0-0: Ball
1-0: Ball
2-0: Called Strike
2-1: Foul Ball, location: 2F
2-2: Ball
3-2: Base on Balls
Batting: RHB Guaspar Vasche 0-0: Ball
Cássio Cardenas steals 2nd base
1-0: Fly out, F7 (Flyball, 7)
Batting: SHB Giel Molendijk 0-0: Ball
1-0: Ball
2-0: Swinging Strike
2-1: Ground out 4-3 (Groundball, 4M)
Bottom of the 3rd over - 0 run(s), 0 hit(s), 0 error(s), 1 left on base; Plumstead 1 - Erie 0
TOP OF THE 4TH
Plumstead Eagles batting - Pitching for Erie Jaxx : LHP Scott McCullough
Batting: LHB Arturo Álvarez 0-0: Ball
1-0: Called Strike
1-1: Swinging Strike
1-2: Ball
2-2: Ball
3-2: Base on Balls
Batting: RHB Carlos Palomón 0-0: Ball
1-0: Foul Ball, location: 2F
1-1: Ball
2-1: Ball
3-1: 2-RUN HOME RUN (Flyball, 7D), Distance : 354 ft
Batting: RHB José Moreno 0-0: Fly out, F8 (Flyball, 8LM)
Batting: SHB Arturo Sánchez 0-0: Ball
1-0: Called Strike
1-1: SINGLE (Flyball, 89S)
Pitching: RHP Ernest Elliott
Batting: RHB Pablo Villarreal 0-0: Ball
1-0: Ball
2-0: SINGLE (Groundball, 25) (infield hit)
Arturo Sánchez to second
Batting: LHB António Salazar 0-0: Fielders Choice at 2nd, 4-6 (Groundball, 34)
Arturo Sánchez to third
Batting: RHB Howard Johnson 0-0: Swinging Strike
0-1: Ball
1-1: Ball
2-1: Ball
3-1: Base on Balls
António Salazar to second
Batting: RHB Ethan Moore 0-0: DOUBLE (Groundball, 5L)
Arturo Sánchez scores
António Salazar scores
Howard Johnson to third
Runner from 3rd tries for Home, SAFE, no throw
Pitching: RHP Tom Newton
Batting: RHB Kolomon Meise 0-0: Ball
1-0: Called Strike
1-1: Swinging Strike
1-2: Ball
2-2: Ball
3-2: Base on Balls
Batting: LHB Arturo Álvarez 0-0: Fly out, F8 (Flyball, 8RS)
Top of the 4th over - 5 run(s), 4 hit(s), 0 error(s), 2 left on base; Plumstead 6 - Erie 0
BOTTOM OF THE 4TH
Erie Jaxx batting - Pitching for Plumstead Eagles : RHP Matt Barlow
Batting: SHB José Durango 0-0: Ball
1-0: Called Strike
1-1: Called Strike
1-2: Fly out, F9 (Flyball, 9S)
Batting: LHB Josh Pérez 0-0: Called Strike
0-1: Called Strike
0-2: Ball
1-2: Ball
2-2: Foul Ball, location: 2F
2-2: SINGLE (Groundball, 4MD)
Batting: SHB Michael Field 0-0: Ball
1-0: Ball
2-0: SINGLE (Flyball, 7S)
Josh Pérez to second
Batting: RHB Andrés Silva 0-0: Ball
1-0: Swinging Strike
1-1: Ground out 5-3 (Groundball, 56S)
Josh Pérez to third
Michael Field to second
Batting: RHB Ángel Serrano 0-0: Called Strike
0-1: Called Strike
0-2: Foul Ball, location: 2F
0-2: Ball
1-2: Ball
2-2: Foul Ball, location: 2F
2-2: Foul Ball, location: 2F
2-2: Foul Ball, location: 2F
2-2: Foul Ball, location: 2F
2-2: Fly out, F6 (Popup, 4MD)
Bottom of the 4th over - 0 run(s), 2 hit(s), 0 error(s), 2 left on base; Plumstead 6 - Erie 0
TOP OF THE 5TH
Plumstead Eagles batting - Pitching for Erie Jaxx : RHP Tom Newton
Batting: RHB Carlos Palomón 0-0: Called Strike
0-1: Foul Ball, location: 2F
0-2: Fly out, F8 (Flyball, 78XD)
Batting: RHB José Moreno 0-0: Swinging Strike
0-1: Foul Ball, location: 2F
0-2: Ball
1-2: Foul Ball, location: 2F
1-2: SINGLE (Groundball, 56S) (infield hit)
Batting: SHB Arturo Sánchez 0-0: Called Strike
José Moreno steals 2nd base
0-1: Swinging Strike
0-2: Ball
1-2: Ball
2-2: Ball
3-2: Foul Ball, location: 2F
3-2: Foul Ball, location: 2F
3-2: Strikes out swinging
Batting: RHB Pablo Villarreal 0-0: Called Strike
0-1: Fly out, F7 (Flyball, 78S)
Top of the 5th over - 0 run(s), 1 hit(s), 0 error(s), 1 left on base; Plumstead 6 - Erie 0
BOTTOM OF THE 5TH
Erie Jaxx batting - Pitching for Plumstead Eagles : RHP Matt Barlow
Batting: RHB José Hernández 0-0: Called Strike
0-1: Swinging Strike
0-2: Ball
1-2: Fly out, F4 (Line Drive, 4M)
Batting: RHB Cássio Cardenas 0-0: Ball
1-0: Foul Ball, location: 2F
1-1: Foul Ball, location: 2F
1-2: Ball
2-2: Ground out 4-3 (Groundball, 4M)
Batting: RHB Guaspar Vasche 0-0: Hit by Pitch
Batting: SHB Giel Molendijk 0-0: Ball
1-0: Called Strike
1-1: Ball
2-1: Fly out, F7 (Flyball, 7LS)
Bottom of the 5th over - 0 run(s), 0 hit(s), 0 error(s), 1 left on base; Plumstead 6 - Erie 0
TOP OF THE 6TH
Plumstead Eagles batting - Pitching for Erie Jaxx : RHP Tom Newton
Batting: LHB António Salazar 0-0: Ball
1-0: Called Strike
1-1: Ball
2-1: Ball
3-1: Foul Ball, location: 2F
3-2: Base on Balls
Batting: RHB Howard Johnson 0-0: Called Strike
0-1: Ball
1-1: Ball
2-1: Ball
3-1: Swinging Strike
3-2: Strikes out swinging
Batting: RHB Ethan Moore 0-0: Ball
1-0: SINGLE (Groundball, 56D)
António Salazar to second
Batting: RHB Kolomon Meise 0-0: Called Strike
0-1: Swinging Strike
0-2: Foul Ball, location: 2F
0-2: Ball
1-2: Foul Ball, location: 2F
1-2: Strikes out swinging
Batting: LHB Arturo Álvarez 0-0: Foul Ball, location: 2F
0-1: Called Strike
Ethan Moore steals 2nd base
António Salazar to third
0-2: Ball
1-2: Ball
2-2: Foul Ball, location: 2F
2-2: Foul Ball, location: 2F
2-2: Ball
3-2: Base on Balls
Batting: RHB Carlos Palomón 0-0: Foul Ball, location: 2F
0-1: Hit by Pitch
António Salazar scores
Ethan Moore to third
Arturo Álvarez to second
Batting: RHB José Moreno 0-0: Ball
1-0: SINGLE (Groundball, 56) (infield hit)
Ethan Moore scores
Arturo Álvarez to third
Carlos Palomón to second
Batting: SHB Arturo Sánchez 0-0: SINGLE (Groundball, 34D)
Arturo Álvarez scores
Carlos Palomón to third
José Moreno to second
Runner from 3rd tries for Home, SAFE, no throw
Pitching: RHP Jorge Barrón
Batting: RHB Pablo Villarreal 0-0: Ball
1-0: Ball
2-0: Swinging Strike
2-1: Swinging Strike
2-2: Fielders Choice at 2nd, 4-6 (Groundball, 4)
Top of the 6th over - 4 run(s), 3 hit(s), 0 error(s), 1 left on base; Plumstead 10 - Erie 0
BOTTOM OF THE 6TH
Erie Jaxx batting - Pitching for Plumstead Eagles : RHP Matt Barlow
Batting: SHB José Durango 0-0: Ball
1-0: Foul Ball, location: 2F
1-1: SINGLE (Flyball, 7LS)
Batting: LHB Josh Pérez 0-0: Ball
1-0: Called Strike
1-1: Called Strike
1-2: Strikes out looking
Pitching: RHP Cory Powell
Batting: SHB Michael Field 0-0: Called Strike
0-1: Ball
1-1: Swinging Strike
1-2: Ball
2-2: Strikes out swinging
Batting: RHB Andrés Silva 0-0: Ball
1-0: Foul Ball, location: 2F
1-1: Foul Ball, location: 2F
1-2: Ball
2-2: SINGLE (Groundball, 6MD)
José Durango to second
Runner from 2nd tries for 3rd, SAFE, throw made to third
Batting: RHB Ángel Serrano 0-0: Foul Ball, location: 2F
0-1: Ball
1-1: Ball
2-1: Swinging Strike
2-2: Strikes out swinging
Bottom of the 6th over - 0 run(s), 2 hit(s), 0 error(s), 2 left on base; Plumstead 10 - Erie 0
TOP OF THE 7TH
Plumstead Eagles batting - Pitching for Erie Jaxx : RHP Jorge Barrón
Batting: LHB António Salazar 0-0: Ball
1-0: Ball
2-0: Fly out, F8 (Flyball, 8LD)
Batting: RHB Howard Johnson 0-0: Ground out 5-3 (Groundball, 5)
Batting: RHB Ethan Moore 0-0: Ball
1-0: Called Strike
1-1: Reached on error, E5 (Groundball, 5L)
Batting: RHB Kolomon Meise 0-0: Ball
1-0: Ball
2-0: SINGLE (Flyball, 8RS)
Ethan Moore to second
Batting: LHB Arturo Álvarez 0-0: 3-RUN HOME RUN (Flyball, 89XD), Distance : 397 ft
Batting: RHB Carlos Palomón 0-0: SINGLE (Flyball, 9LS)
Batting: RHB José Moreno 0-0: Ball
Carlos Palomón steals 2nd base
1-0: Swinging Strike
1-1: Ball
2-1: Foul Ball, location: 2F
2-2: Ball
3-2: SINGLE (Groundball, 6) (infield hit)
Carlos Palomón to third
Batting: SHB Arturo Sánchez 0-0: Ball
1-0: Ground out U3 (Groundball, 34)
Top of the 7th over - 3 run(s), 4 hit(s), 1 error(s), 2 left on base; Plumstead 13 - Erie 0
BOTTOM OF THE 7TH
Erie Jaxx batting - Pitching for Plumstead Eagles : RHP Cory Powell
Batting: RHB José Hernández 0-0: Ball
1-0: Ball
2-0: SINGLE (Groundball, 56D)
Pitching: LHP Pedro Rosado
Batting: RHB Cássio Cardenas 0-0: Called Strike
0-1: Ball
1-1: Foul Ball, location: 2F
1-2: Ball
2-2: Foul Ball, location: 2F
2-2: Ball
3-2: Base on Balls
José Hernández to second
Batting: RHB Guaspar Vasche 0-0: Called Strike
0-1: Foul Ball, location: 2F
0-2: Ball
1-2: Strikes out looking
Pitching: RHP Manny Ramos
Batting: SHB Giel Molendijk 0-0: Foul Ball, location: 2F
0-1: Foul Ball, location: 2F
0-2: Ball
1-2: Strikes out swinging
Batting: SHB José Durango 0-0: SINGLE (Line Drive, 78S)
José Hernández to third
Cássio Cardenas to second
Runner from 3rd tries for Home, SAFE, no throw
Batting: LHB Josh Pérez 0-0: Swinging Strike
0-1: Ball
1-1: Swinging Strike
1-2: Ball
2-2: Strikes out looking
Bottom of the 7th over - 1 run(s), 2 hit(s), 0 error(s), 2 left on base; Plumstead 13 - Erie 1
TOP OF THE 8TH
Plumstead Eagles batting - Pitching for Erie Jaxx : RHP Jorge Barrón
Batting: RHB Pablo Villarreal 0-0: Ball
1-0: Called Strike
1-1: Ball
2-1: Foul Ball, location: 2F
2-2: Fly out, F6 (Popup, 6D)
Batting: LHB António Salazar 0-0: Ball
1-0: DOUBLE (Line Drive, 78XD)
Batting: RHB Howard Johnson 0-0: Ball
1-0: Foul Ball, location: 2F
1-1: SINGLE (Line Drive, 8RS)
António Salazar to third
Runner from 3rd tries for Home, SAFE, no throw
Pitching: RHP Armando Rodríguez
Batting: RHB Ethan Moore 0-0: Ball
1-0: Called Strike
1-1: Called Strike
1-2: Ball
Howard Johnson steals 2nd base
2-2: SINGLE (Groundball, 34D)
Howard Johnson to third
Runner from 3rd tries for Home, throw and OUT!
Batting: RHB Kolomon Meise 0-0: Swinging Strike
0-1: Foul Ball, location: 2F
0-2: Fly out, F3 (Flyball, 34D)
Top of the 8th over - 1 run(s), 3 hit(s), 0 error(s), 1 left on base; Plumstead 14 - Erie 1
BOTTOM OF THE 8TH
Erie Jaxx batting - Pitching for Plumstead Eagles : RHP Manny Ramos
Batting: SHB Michael Field 0-0: Fly out, F7 (Flyball, 7)
Pitching: LHP Joe Cates
Batting: RHB Andrés Silva 0-0: Ball
1-0: Foul Ball, location: 2F
1-1: Ball
2-1: Swinging Strike
2-2: Ground out 6-3 (Groundball, 56)
Batting: RHB Ángel Serrano 0-0: Called Strike
0-1: Ball
1-1: Called Strike
1-2: Foul Ball, location: 2F
1-2: Ball
2-2: Strikes out looking
Bottom of the 8th over - 0 run(s), 0 hit(s), 0 error(s), 0 left on base; Plumstead 14 - Erie 1
TOP OF THE 9TH
Plumstead Eagles batting - Pitching for Erie Jaxx : RHP Armando Rodríguez
Pitching: RHP Carlos Olmedo
Batting: LHB Arturo Álvarez 0-0: Ball
1-0: Ball
2-0: Called Strike
2-1: Foul Ball, location: 2F
2-2: Fly out, F8 (Flyball, 78S)
Batting: RHB Carlos Palomón 0-0: Ball
1-0: Ball
2-0: Called Strike
2-1: Ball
3-1: Base on Balls
Batting: RHB José Moreno 0-0: Called Strike
0-1: Called Strike
0-2: Grounds into double play, 4-6-3 (Groundball, 4M)
Top of the 9th over - 0 run(s), 0 hit(s), 0 error(s), 0 left on base; Plumstead 14 - Erie 1
BOTTOM OF THE 9TH
Erie Jaxx batting - Pitching for Plumstead Eagles : LHP Joe Cates
Now at 1B: Wilson Durán
Pinch Hitting: RHB Edgardo Castro 0-0: Ball
1-0: Fly out, F6 (Popup, 56D)
Pitching: LHP Pat Bruce
Batting: RHB Cássio Cardenas 0-0: Called Strike
0-1: Ball
1-1: Ball
2-1: SINGLE (Line Drive, 3D)
Pitching: LHP Holden Clark
Batting: RHB Guaspar Vasche 0-0: Called Strike
0-1: Ball
1-1: Ball
2-1: Grounds into double play, 6-4-3 (Groundball, 6)
Bottom of the 9th over - 0 run(s), 1 hit(s), 0 error(s), 0 left on base; Plumstead 14 - Erie 1
Thursday, March 30th, 2017 - OOTP Baseball 17.12 Build 75